[Event "Your Next Move GCT 2017-Blitz"]
[Site "Leuven"]
[Date "2017.07.02"]
[Round "17"]
[White "Nepomniachtchi, Ian"]
[Black "Kramnik, Vladimir"]
[Result "1-0"]
[ECO "C45"]
[WhiteElo "2732"]
[BlackElo "2808"]
[Annotator ""]
[PlyCount "105"]
[EventDate "2017.??.??"]
[EventType "blitz"]
[EventCountry "BEL"]
[SourceTitle "playchess.com"]
[Source "ChessBase"]
[SourceQuality "1"]
[TimeControl "300+3"]

1. e4 {(0)} e5 {(3)} 2. Nf3 {(3)} Nc6 {
(3)} 3. d4 {(3)} exd4 {(3)} 4. Nxd4 {(
03)} Nf6 {(3)} 5. Nxc6 {(3)} bxc6 {(3)} 6.
e5 {(3)} Qe7 {(3)} 7. Qe2 {(3)} Nd5 {(
03)} 8. h4 {(3)} Qe6 {(4)} 9. g3 {(13)} d6 {
(44)} 10. c4 {(3)} Nb6 {(7)} 11. exd6 {(
07)} Bxd6 {(12)} 12. Be3 {(35)} O-O {(10)} 13.
Nd2 {(7)} Ba6 {(19)} 14. Bh3 {(12)} Qe5 {
(26)} 15. Bxb6 {(1:10)} axb6 {(15)} 16. Qxe5 {
(3)} Bxe5 {(3)} 17. O-O-O {(3)} Bb7 {(
08)} 18. a3 {(9)} c5 {(3)} 19. Rh2 {(9)}
Rad8 {(14)} 20. Bg2 {(9)} Bc8 {(12)} 21. f4 {
(8)} Bd4 {(4)} 22. Bd5 {(4)} Rfe8 {(
07)} 23. Nf3 {(14)} Be3+ 24. Kc2 {(12)} Bf5+ {(
06)} 25. Kb3 {(3)} Be4 {(59)} 26. Ne5 {(11)}
Bxd5 {(11)} 27. Rxd5 {(3)} Rxd5 {(9)} 28. cxd5
{(3)} Bd4 {(3)} 29. Nc6 {(22)} Re3+ {(
03)} 30. Kc4 {(3)} Bf6 {(3)} 31. g4 {(8)}
Re4+ {(18)} 32. Kb5 {(3)} Rxf4 {(3)} 33. g5 {
(3)} Bd4 {(4)} 34. Ka6 {(5)} f6 {(
10)} 35. Kb7 {(26)} fxg5 {(7)} 36. hxg5 {(13)}
Rf7 {(11)} 37. Re2 {(3)} Kf8 {(11)} 38. Nd8 {
(5)} Rd7 {(6)} 39. Ne6+ {(3)} Kf7 {(
03)} 40. Nxc7 {(7)} Re7 {(28)} 41. Rxe7+ {(25)}
Kxe7 {(3)} 42. Kc6 {(3)} Be5 {(3)} 43. Kxb6 {
(8)} h5 {(5)} 44. gxh6 {(3)} gxh6 {(
03)} 45. Ne6 {(8)} c4 {(4)} 46. a4 {(12)} Bxb2
{(3)} 47. a5 {(3)} Bc1 {(11)} 48. Kb5 {(
07)} c3 {(4)} 49. Nd4 {(3)} Be3 {(3)} 50.
Nf5+ {(3)} Kd7 {(3)} 51. Nxe3 h5 {(3)} 52. a6
{(6)} Kc8 {(3)} 53. d6 {(3)} 1-0

[Event "Your Next Move GCT 2017-Blitz"]
[Site "Leuven"]
[Date "2017.07.02"]
[Round "18"]
[White "Anand, Viswanathan"]
[Black "Giri, Anish"]
[Result "1/2-1/2"]
[ECO "C67"]
[WhiteElo "2786"]
[BlackElo "2771"]
[Annotator ""]
[PlyCount "68"]
[EventDate "2017.??.??"]
[EventType "blitz"]
[EventCountry "BEL"]
[SourceTitle "playchess.com"]
[Source "ChessBase"]
[SourceQuality "1"]
[TimeControl "300+3"]

1. e4 e5 2. Nf3 Nc6 3. Bb5 {(6)} Nf6 {(9)} 4. O-O {
(3)} Nxe4 {(3)} 5. Re1 {(3)} Nd6 {(
03)} 6. Nxe5 {(3)} Be7 {(3)} 7. Bf1 {(3)} O-O
{(3)} 8. d4 {(3)} Nf5 {(3)} 9. c3 {(
03)} Nxe5 {(3)} 10. Rxe5 {(3)} d6 {(3)} 11.
Re1 {(3)} d5 {(3)} 12. Bf4 {(3)} Bd6 {(
04)} 13. Qf3 {(3)} Bxf4 {(19)} 14. Qxf4 {(3]
} Qd6 {(16)} 15. Qxd6 {(3)} Nxd6 {(3)} 16. Nd2
{(7)} c6 {(3)} 17. Bd3 {(6)} Bf5 {(
10)} 18. Bxf5 {(3)} Nxf5 {(3)} 19. Re5 {(13)}
Nd6 {(3)} 20. Rae1 {(3)} Rfe8 {(3)} 21. Rxe8+
{(3)} Rxe8 {(3)} 22. Rxe8+ {(3)} Nxe8 {
(3)} 23. Kf1 {(3)} Kf8 {(3)} 24. Ke2 {(
05)} Ke7 {(3)} 25. Kd3 {(8)} Nc7 {(3)} 26.
Nf3 {(8)} Ne6 {(3)} 27. g3 {(3)} f6 {(
04)} 28. Ke3 {(3)} Kd6 {(3)} 29. Ne1 {(3)}
g6 {(10)} 30. Nd3 {(3)} Ke7 {(7)} 31. Nf4 {
(3)} g5 {(3)} 32. Nxe6 {(3)} Kxe6 {(
03)} 33. g4 {(3)} h6 {(4)} 34. h3 {(3] Ke5
Ke4+} Kd6 1/2-1/2

[Event "Your Next Move GCT 2017-Blitz"]
[Site "Leuven"]
[Date "2017.07.02"]
[Round "18"]
[White "Kramnik, Vladimir"]
[Black "Aronian, Levon"]
[Result "1/2-1/2"]
[ECO "A06"]
[WhiteElo "2808"]
[BlackElo "2793"]
[Annotator ""]
[PlyCount "64"]
[EventDate "2017.??.??"]
[EventType "blitz"]
[EventCountry "BEL"]
[SourceTitle "playchess.com"]
[Source "ChessBase"]
[SourceQuality "1"]
[TimeControl "300+3"]

1. Nf3 {(0)} d5 {(3)} 2. g3 {(3)} Nf6 {
(4)} 3. Bg2 {(3)} e6 {(3)} 4. O-O {(
03)} Be7 {(3)} 5. c4 {(3)} O-O {(3)} 6. Ne5 {
(3)} c5 {(6)} 7. cxd5 {(3)} exd5 {(
03)} 8. e3 {(3)} Bf5 {(40)} 9. d4 {(4)} Qc8 {
(33)} 10. Nc3 {(7)} Rd8 {(3)} 11. b3 {(
46)} cxd4 {(16)} 12. Qxd4 {(3)} Bc5 {(3)}
13. Qf4 {(5)} Bd6 {(1:01)} 14. Nxd5 {(27)} Qe6 {
(3)} 15. Bb2 {(26)} Nc6 {(1:12)} 16. Nxc6 {
(42)} Bxf4 {(8)} 17. Nxf4 {(3)} Qd7 {(
12)} 18. Nxd8 {(5)} Rxd8 {(3)} 19. Bxf6 {(
18)} gxf6 {(3)} 20. Rac1 {(11)} Kf8 {(8)} 21.
Nd5 {(18)} Qd6 {(16)} 22. e4 {(14)} Bd7 {(
05)} 23. Rfd1 {(31)} Bg4 {(17)} 24. Rd3 {(11)}
Be6 {(5)} 25. a4 {(23)} Qe5 {(6)} 26. Re3 {
(32)} Rc8 {(4)} 27. Rxc8+ {(5)} Bxc8 {(
03)} 28. h4 {(8)} Be6 {(4)} 29. Kh2 {(3)}
h6 {(3)} 30. Nf4 {(3)} Qb2 {(10)} 31. Nxe6+ {
(8)} fxe6 {(3)} 32. Kg1 {(3)} Ke7 {(
05)} 1/2-1/2

[Event "Your Next Move GCT 2017-Blitz"]
[Site "Leuven"]
[Date "2017.07.02"]
[Round "18"]
[White "So, Wesley"]
[Black "Carlsen, Magnus"]
[Result "1/2-1/2"]
[ECO "B56"]
[WhiteElo "2812"]
[BlackElo "2832"]
[Annotator ""]
[PlyCount "63"]
[EventDate "2017.??.??"]
[EventType "blitz"]
[EventCountry "BEL"]
[SourceTitle "playchess.com"]
[Source "ChessBase"]
[SourceQuality "1"]
[TimeControl "300+3"]

1. e4 {(0)} c5 {(3)} 2. Nf3 {(3)} d6 {(
03)} 3. d4 {(3)} cxd4 {(3)} 4. Nxd4 {(3)}
Nf6 {(3)} 5. Nc3 {(3)} Bd7 {(3)} 6. Be2 {
(8)} Nc6 {(5)} 7. Be3 {(5)} e6 {(4]
} 8. g4 {(20)} h6 {(14)} 9. f4 {(7)} Nxd4 {
(1:47)} 10. Qxd4 {(5)} e5 {(3)} 11. fxe5 {
(20)} Nxg4 {(3)} 12. O-O-O {(21)} Nxe3 {(
55)} 13. Qxe3 {(3)} Qg5 {(3)} 14. Qxg5 {(3]
} hxg5 {(3)} 15. exd6 {(23)} O-O-O {(3)} 16. e5
{(24)} Re8 {(11)} 17. Rhf1 {(3)} f6 {(
16)} 18. exf6 {(3)} gxf6 {(3)} 19. Rxf6 {(22)}
Bg7 {(3)} 20. Rf7 {(28)} Bxc3 {(3)} 21. Rxd7 {
(3)} Kxd7 {(13)} 22. Bb5+ {(3)} Kd8 {(
03)} 23. Bxe8 {(3)} Be5 {(17)} 24. Bg6 {(29)}
Rxh2 {(15)} 25. Bf5 {(6)} Rf2 {(3)} 26. Bh3 {
(14)} Rf4 {(12)} 27. Rd5 {(12)} Re4 {(
36)} 28. Bf5 {(11)} Bf4+ {(3)} 29. Kd1 {(3)}
Re5 {(3)} 30. Rxe5 {(4)} Bxe5 {(3)} 31. d7 {
(13)} Bxb2 {(3)} 32. Ke2 {(3)} 1/2-1/2

[Event "Your Next Move GCT 2017-Blitz"]
[Site "Leuven"]
[Date "2017.07.02"]
[Round "18"]
[White "Vachier Lagrave, Maxime"]
[Black "Nepomniachtchi, Ian"]
[Result "1-0"]
[ECO "B51"]
[WhiteElo "2890"]
[BlackElo "2732"]
[Annotator ""]
[PlyCount "107"]
[EventDate "2017.??.??"]
[EventType "blitz"]
[EventCountry "BEL"]
[SourceTitle "playchess.com"]
[Source "ChessBase"]
[SourceQuality "1"]
[TimeControl "300+3"]

1. e4 {(0)} c5 {(3)} 2. Nf3 {(3)} d6 {(
03)} 3. Bb5+ {(3)} Nd7 {(3)} 4. O-O {(3)}
a6 {(3)} 5. Bd3 b5 6. Re1 {(6)} Bb7 {(6)} 7.
c4 {(3)} Ngf6 {(7)} 8. cxb5 {(26)} axb5 {
(3)} 9. Bxb5 {(3)} Nxe4 {(19)} 10. d4 {(
03)} e6 {(13)} 11. dxc5 {(3)} Nexc5 {(8)}
12. Nc3 {(10)} Be7 {(3)} 13. Bf4 {(16)} Bxf3 {
(49)} 14. Qxf3 {(5)} O-O {(3)} 15. b4 {(
10)} Na6 {(3)} 16. a3 {(5)} d5 {(5)} 17.
Rad1 {(8)} Nf6 {(7)} 18. Bc6 {(8)} Nc7 {
(1:07)} 19. Bxa8 {(6)} Nxa8 {(3)} 20. Nb5 {
(34)} Qd7 {(3)} 21. Qd3 {(16)} Nb6 {(
03)} 22. Be5 {(3)} Rc8 {(8)} 23. Nd4 {(11)} Nc4
{(3)} 24. Nf3 {(4)} Qa4 {(4)} 25. Ra1 {
(14)} Ne4 {(10)} 26. Bd4 {(6)} Bf8 {(
06)} 27. h4 {(12)} h6 {(12)} 28. Rac1 {(8)} f5 {
(15)} 29. Ne5 {(11)} Ned6 {(18)} 30. Nxc4 {
(10)} dxc4 {(3)} 31. Qe2 {(3)} Ne4 {(
22)} 32. Rxc4 {(16)} Rd8 {(8)} 33. f3 {(10)} e5
{(5)} 34. Bxe5 {(39)} Qa7+ {(37)} 35. Kh2 {
(9)} Rd2 {(9)} 36. Qe3 {(7)} Qe7 {(
03)} 37. Rxe4 {(7)} fxe4 {(3)} 38. Qxd2 {(7)}
Qxe5+ {(3)} 39. f4 {(10)} Qf5 {(5)} 40. Qe3 {
(5)} Qf6 {(24)} 41. g3 {(6)} Kh8 {(
03)} 42. Re2 {(7)} Qa1 {(3)} 43. Qb3 {(10)} Qd4
{(3)} 44. Qf7 {(6)} Qd6 {(7)} 45. Qe8 {
(3)} g5 {(3)} 46. hxg5 {(3)} hxg5 {(
03)} 47. fxg5 {(3)} Kg7 {(4)} 48. Qxe4 {(3)}
Qd1 {(3)} 49. Qc2 {(10)} Qd5 {(4)} 50. Qc3+ {
(3)} Kg8 {(4)} 51. Qe5 {(3)} Qd1 {(
03)} 52. Qe6+ {(3)} Kg7 {(3)} 53. Rf2 {(4)}
Qh5+ {(3)} 54. Kg2 {(3)} 1-0